MLB
SAN DIEGO PADRES @ COLORADO ROCKIES
10/28/2098
 
TOP OF THE 1ST
San Diego Padres batting - Pitching for Colorado Rockies : RHP Doug Craig
Pitching: RHP Doug Craig
Batting: LHB Eric Schoonover 0-0: Foul Ball, location: 7LMF
0-1: Foul Ball, location: 2F
0-2: Ball
1-2: Ball
2-2: Foul Ball, location: 5F
2-2: Foul Ball, location: 3SF
2-2: Foul Ball, location: 3F
2-2: Foul Ball, location: 7LSF
2-2: Ball
3-2: Base on Balls
Batting: RHB Maxwell Judson 0-0: Called Strike
0-1: Ball
1-1: Called Strike
1-2: Reached on error, E6 (Groundball, 6, EV 80.6 MPH)
Eric Schoonover to second
Batting: RHB Jose Barillas 0-0: Ball
1-0: Swinging Strike
1-1: Ball
2-1: Ball
Wild Pitch!
Eric Schoonover to third
Maxwell Judson to second
3-1: Base on Balls
Batting: LHB Joel Sherlock 0-0: Foul Ball, location: 7LSF
0-1: Called Strike
0-2: DOUBLE (Flyball, 78XD, EV 101.9 MPH)
Eric Schoonover scores
Maxwell Judson scores
Jose Barillas to third
Batting: RHB Tony Woody 0-0: Called Strike
0-1: Ball
1-1: Ball
2-1: Called Strike
2-2: Strikes out looking
Batting: RHB Chris Santos 0-0: Fly out, F7 (Flyball, 7D, EV 103.1 MPH)
Runner from 3rd tags up, SCORES, throw by LF
Batting: LHB Jamie Wortman 0-0: Called Strike
0-1: Fly out, F8 (Flyball, 78D, EV 91.9 MPH)
Top of the 1st over - 3 runs, 1 hit, 1 error, 1 left on base; San Diego 3 - Colorado 0
BOTTOM OF THE 1ST
Colorado Rockies batting - Pitching for San Diego Padres : LHP Robert Bartos
Pitching: LHP Robert Bartos
Batting: SHB Brian Hatcher 0-0: Called Strike
0-1: Ball
1-1: Ground out 4-3 (Groundball, 34, EV 82.5 MPH)
Batting: RHB Mike Woodard 0-0: Ball
1-0: Ground out 5-3 (Groundball, 5L, EV 106.9 MPH)
Batting: RHB Kosuke Sakai 0-0: Ball
1-0: Ball
2-0: Foul Ball, location: 2F
2-1: Ball
3-1: Base on Balls
Batting: RHB Tony Thomas 0-0: Called Strike
0-1: Ball
1-1: Called Strike
1-2: Foul Ball, location: 2F
1-2: Ball
2-2: 2-RUN HOME RUN (Flyball, 7D, EV 97.5 MPH), Distance : 392 ft
Batting: LHB Jim Davis 0-0: Ball
1-0: Swinging Strike
1-1: Ball
2-1: Foul Ball, location: 9LSF
2-2: Strikes out swinging
Bottom of the 1st over - 2 runs, 1 hit, 0 errors, 0 left on base; San Diego 3 - Colorado 2
TOP OF THE 2ND
San Diego Padres batting - Pitching for Colorado Rockies : RHP Doug Craig
Batting: LHB R.J. Correll 0-0: Ball
1-0: Called Strike
1-1: Called Strike
1-2: Foul Ball, location: 5F
1-2: Ball
2-2: Strikes out swinging
Batting: RHB Alfredo Beltran 0-0: Fly out, F8 (Flyball, 8LXD, EV 88.8 MPH)
Batting: LHB Eric Schoonover 0-0: Ball
1-0: Called Strike
1-1: Swinging Strike
1-2: Strikes out looking
Top of the 2nd over - 0 runs, 0 hits, 0 errors, 0 left on base; San Diego 3 - Colorado 2
BOTTOM OF THE 2ND
Colorado Rockies batting - Pitching for San Diego Padres : LHP Robert Bartos
Batting: LHB Glenn Sewell 0-0: Fly out, F6 (Popup, 6, EV 70.0 MPH)
Batting: RHB Orlando Serrano 0-0: Ball
1-0: Foul Ball, location: 7LSF
1-1: Called Strike
1-2: SINGLE (Groundball, 56D, EV 99.4 MPH)
Batting: LHB Mike Keatts 0-0: Called Strike
0-1: Ball
1-1: DOUBLE (Line Drive, 8LD, EV 110.0 MPH)
Orlando Serrano to third
Runner from 3rd tries for Home, SAFE, throw by CF to trailing runner, SAFE at third!
Batting: LHB Jesus Pena 0-0: Ball
1-0: Ball
2-0: Ball
3-0: Called Strike
3-1: Fly out, F7 (Flyball, 78M, EV 92.5 MPH)
Runner from 3rd tags up, SCORES, throw by LF
Pitching: LHP Bryant Miller
Batting: SHB Brian Hatcher 0-0: SOLO HOME RUN (Flyball, 9D, EV 95.6 MPH), Distance : 378 ft
Batting: RHB Mike Woodard 0-0: Ball
1-0: Foul Ball, location: 2F
1-1: SOLO HOME RUN (Line Drive, 89XD, EV 103.1 MPH), Distance : 397 ft
Batting: RHB Kosuke Sakai 0-0: Swinging Strike
0-1: DOUBLE (Flyball, 89XD, EV 95.0 MPH)
Batting: RHB Tony Thomas 0-0: Swinging Strike
0-1: Ball
1-1: DOUBLE (Line Drive, 9LS, EV 100.6 MPH)
Kosuke Sakai scores
Pitching: LHP Seth Oltmans
Batting: LHB Jim Davis 0-0: Called Strike
0-1: Swinging Strike
0-2: Ball
1-2: Strikes out swinging
Bottom of the 2nd over - 5 runs, 6 hits, 0 errors, 1 left on base; San Diego 3 - Colorado 7
TOP OF THE 3RD
San Diego Padres batting - Pitching for Colorado Rockies : RHP Doug Craig
Batting: RHB Maxwell Judson 0-0: Called Strike
0-1: Foul Ball, location: 5F
0-2: Ball
1-2: SOLO HOME RUN (Flyball, 7D, EV 98.1 MPH), Distance : 384 ft
Batting: RHB Jose Barillas 0-0: Called Strike
0-1: Called Strike
0-2: Foul Ball, location: 5F
0-2: Strikes out swinging
Batting: LHB Joel Sherlock 0-0: Called Strike
0-1: Ball
1-1: Foul Ball, location: 2F
1-2: Foul Ball, location: 2F
1-2: Strikes out looking
Batting: RHB Tony Woody 0-0: Ball
1-0: Ball
2-0: Ball
3-0: Called Strike
3-1: Called Strike
3-2: Foul Ball, location: 5F
3-2: Foul Ball, location: 2F
3-2: Foul Ball, location: 9LMF
3-2: Base on Balls
Batting: RHB Chris Santos 0-0: Ball
1-0: Foul Ball, location: 7LDF
1-1: Foul Ball, location: 2F
1-2: Ball
2-2: Ball
3-2: Base on Balls
Tony Woody to second
Batting: LHB Jamie Wortman 0-0: Called Strike
0-1: Ball
1-1: Foul Ball, location: 23F
1-2: Fielders Choice at 2nd, 5-4 (Groundball, 56, EV 101.3 MPH)
Top of the 3rd over - 1 run, 1 hit, 0 errors, 2 left on base; San Diego 4 - Colorado 7
BOTTOM OF THE 3RD
Colorado Rockies batting - Pitching for San Diego Padres : LHP Seth Oltmans
Batting: LHB Glenn Sewell 0-0: Ball
1-0: Foul Ball, location: 23F
1-1: Fly out, F9 (Flyball, 9D, EV 101.3 MPH)
Batting: RHB Orlando Serrano 0-0: Ball
1-0: Fly out, F7 (Flyball, 78S, EV 81.9 MPH)
Batting: LHB Mike Keatts 0-0: SINGLE (Line Drive, 8RS, EV 98.1 MPH)
Batting: LHB Jesus Pena 0-0: Called Strike
0-1: Foul Ball, location: 2F
0-2: Fielders Choice at 2nd, 5-4 (Groundball, 56, EV 86.3 MPH)
Bottom of the 3rd over - 0 runs, 1 hit, 0 errors, 1 left on base; San Diego 4 - Colorado 7
TOP OF THE 4TH
San Diego Padres batting - Pitching for Colorado Rockies : RHP Doug Craig
Batting: LHB R.J. Correll 0-0: Ball
1-0: Called Strike
1-1: SINGLE (Line Drive, 34D, EV 100.0 MPH)
Batting: RHB Alfredo Beltran 0-0: Ball
1-0: Fly out, F8 (Flyball, 8RD, EV 88.1 MPH)
Batting: LHB Eric Schoonover 0-0: Swinging Strike
0-1: Foul Ball, location: 7LMF
0-2: SINGLE (Groundball, 34D, EV 103.1 MPH)
R.J. Correll to second
Runner from 2nd tries for 3rd, SAFE, throw by RF made to third
Batting: RHB Maxwell Judson 0-0: Ball
1-0: 3-RUN HOME RUN (Flyball, 89XD, EV 105.6 MPH), Distance : 417 ft
Pitching: RHP Chris Colbert
Batting: RHB Jose Barillas 0-0: Foul Ball, location: 2F
0-1: Fly out, F8 (Flyball, 8RM, EV 91.9 MPH)
Batting: LHB Joel Sherlock 0-0: Ball
1-0: Ball
2-0: Ball
3-0: Base on Balls
Batting: RHB Tony Woody 0-0: Foul Ball, location: 7LSF
0-1: Called Strike
0-2: Ball
1-2: SINGLE (Line Drive, 89S, EV 98.1 MPH)
Joel Sherlock to second
Batting: RHB Chris Santos 0-0: Foul Ball, location: 23F
0-1: Ball
1-1: Foul Ball, location: 5F
1-2: Ball
2-2: Foul Ball, location: 23F
2-2: Ball
3-2: Foul Ball, location: 23FF
3-2: SINGLE (Line Drive, 8LS, EV 108.8 MPH)
Joel Sherlock to third
Tony Woody to second
Joel Sherlock scores
Tony Woody to third
Pitching: LHP Allen Oliver
Batting: LHB Jamie Wortman 0-0: Fly out, F8 (Line Drive, 8LM, EV 109.4 MPH)
Top of the 4th over - 4 runs, 5 hits, 0 errors, 2 left on base; San Diego 8 - Colorado 7
BOTTOM OF THE 4TH
Colorado Rockies batting - Pitching for San Diego Padres : LHP Seth Oltmans
Batting: SHB Brian Hatcher 0-0: Ball
1-0: Called Strike
1-1: Swinging Strike
1-2: Foul Ball, location: 7LMF
1-2: Ball
2-2: Ball
3-2: Foul Ball, location: 2F
3-2: Foul Ball, location: 5FF
3-2: Foul Ball, location: 2F
3-2: Foul Ball, location: 2F
3-2: Foul Ball, location: 2F
3-2: Ground out 6-3 (Groundball, 6, EV 88.8 MPH)
Pitching: RHP Jose Benitez
Batting: RHB Mike Woodard 0-0: Called Strike
0-1: Ball
1-1: Ball
2-1: Foul Ball, location: 23F
2-2: SINGLE (Groundball, 34D, EV 98.1 MPH)
Batting: RHB Kosuke Sakai 0-0: 2-RUN HOME RUN (Flyball, 9D, EV 99.4 MPH), Distance : 386 ft
Batting: LHB Jeremy Papish 0-0: Ball
1-0: Called Strike
1-1: Called Strike
1-2: Strikes out swinging
Pitching: LHP Jorge Espino
Batting: LHB Jim Davis 0-0: Foul Ball, location: 7LMF
0-1: Ball
1-1: Ball
2-1: Ball
3-1: Base on Balls
Batting: LHB Glenn Sewell 0-0: Ball
1-0: Foul Ball, location: 25F
1-1: Ball
2-1: Foul Ball, location: 7LDF
2-2: Ball
3-2: 2-RUN HOME RUN (Flyball, 89XD, EV 96.3 MPH), Distance : 382 ft
Batting: RHB Orlando Serrano 0-0: Foul Ball, location: 2F
0-1: Called Strike
0-2: Ground out 5-3 (Groundball, 56S, EV 73.1 MPH)
Bottom of the 4th over - 4 runs, 3 hits, 0 errors, 0 left on base; San Diego 8 - Colorado 11
TOP OF THE 5TH
San Diego Padres batting - Pitching for Colorado Rockies : LHP Allen Oliver
Batting: LHB R.J. Correll 0-0: Ball
1-0: Fly out, F6 (Popup, 6M, EV 66.3 MPH)
Pitching: RHP Kevin Kulik
Batting: RHB Alfredo Beltran 0-0: Called Strike
0-1: Swinging Strike
0-2: Strikes out swinging
Batting: LHB Eric Schoonover 0-0: Ball
1-0: Ball
2-0: Ground out 4-3 (Groundball, 4, EV 83.8 MPH)
Top of the 5th over - 0 runs, 0 hits, 0 errors, 0 left on base; San Diego 8 - Colorado 11
BOTTOM OF THE 5TH
Colorado Rockies batting - Pitching for San Diego Padres : LHP Jorge Espino
Batting: LHB Mike Keatts 0-0: Ball
1-0: Ground out U3 (Groundball, 3, EV 91.3 MPH)
Batting: LHB Jesus Pena 0-0: Called Strike
0-1: Called Strike
0-2: Ball
1-2: Ball
2-2: Ball
3-2: Foul Ball, location: 5SF
3-2: DOUBLE (Line Drive, 7LM, EV 94.4 MPH)
Batting: SHB Brian Hatcher 0-0: Ball
1-0: Foul Ball, location: 2F
1-1: Ball
2-1: Foul Ball, location: 2F
2-2: SINGLE (Groundball, 4S, EV 71.9 MPH) (infield hit)
Jesus Pena to third
Batting: RHB Mike Woodard 0-0: Ball
1-0: SINGLE (Groundball, 34D, EV 103.8 MPH)
Jesus Pena scores
Brian Hatcher to second
Runner from 2nd tries for 3rd, SAFE, throw by RF made to third
Pitching: RHP Jamal Grasty
Batting: RHB Kosuke Sakai 0-0: Called Strike
0-1: SINGLE (Groundball, 34D, EV 99.4 MPH)
Brian Hatcher scores
Mike Woodard to second
Batting: LHB Jeremy Papish 0-0: Ball
1-0: Ball
2-0: Fly out, F6 (Popup, 6S, EV 71.3 MPH)
Batting: LHB Jim Davis 0-0: Ball
1-0: Ball
2-0: Called Strike
2-1: SINGLE (Line Drive, 8LS, EV 108.1 MPH)
Mike Woodard to third
Kosuke Sakai to second
Batting: LHB Glenn Sewell 0-0: Called Strike
0-1: Foul Ball, location: 5DF
0-2: Fly out, F9 (Flyball, 9, EV 83.8 MPH)
Bottom of the 5th over - 2 runs, 5 hits, 0 errors, 3 left on base; San Diego 8 - Colorado 13
TOP OF THE 6TH
San Diego Padres batting - Pitching for Colorado Rockies : RHP Kevin Kulik
Batting: RHB Maxwell Judson 0-0: Called Strike
0-1: Foul Ball, location: 2F
0-2: Ball
1-2: Foul Ball, location: 2F
1-2: Foul Ball, location: 2F
1-2: Foul Ball, location: 5DF
1-2: Foul Ball, location: 23F
1-2: Ball
2-2: Foul Ball, location: 23FF
2-2: Ball
3-2: Base on Balls
Batting: RHB Jose Barillas 0-0: Foul Ball, location: 2F
0-1: Ball
1-1: Called Strike
1-2: Foul Ball, location: 3F
1-2: Fly out, F9 (Flyball, 9S, EV 78.1 MPH)
Batting: LHB Joel Sherlock 0-0: Foul Ball, location: 2F
0-1: Ball
1-1: Fly out, F7 (Line Drive, 7, EV 86.9 MPH)
Batting: RHB Tony Woody 0-0: Called Strike
0-1: Ball
1-1: Called Strike
1-2: Ball
2-2: Foul Ball, location: 3F
2-2: SINGLE (Groundball, P, EV 88.8 MPH) (infield hit)
Maxwell Judson to second
Pitching: RHP Angel Cruz
Batting: RHB Chris Santos 0-0: Called Strike
0-1: Swinging Strike
0-2: Ball
1-2: Strikes out swinging
Top of the 6th over - 0 runs, 1 hit, 0 errors, 2 left on base; San Diego 8 - Colorado 13
BOTTOM OF THE 6TH
Colorado Rockies batting - Pitching for San Diego Padres : RHP Jamal Grasty
Batting: RHB Orlando Serrano 0-0: Ground out 6-3 (Groundball, 6, EV 105.6 MPH)
Batting: LHB Mike Keatts 0-0: Ball
1-0: Ball
2-0: Swinging Strike
2-1: Called Strike
2-2: Strikes out swinging
Batting: LHB Jesus Pena 0-0: Ball
1-0: Foul Ball, location: 2LF
1-1: Ground out 4-3 (Groundball, 4, EV 63.8 MPH)
Bottom of the 6th over - 0 runs, 0 hits, 0 errors, 0 left on base; San Diego 8 - Colorado 13
TOP OF THE 7TH
San Diego Padres batting - Pitching for Colorado Rockies : RHP Angel Cruz
Batting: LHB Jamie Wortman 0-0: Ball
1-0: Ball
2-0: Called Strike
2-1: Swinging Strike
2-2: Foul Ball, location: 2F
2-2: Strikes out swinging
Batting: LHB R.J. Correll 0-0: Fly out, F7 (Flyball, 78S, EV 78.1 MPH)
Batting: RHB Alfredo Beltran 0-0: Ball
1-0: DOUBLE (Line Drive, 89D, EV 98.1 MPH)
Batting: LHB Eric Schoonover 0-0: Ball
1-0: Ground out 4-3 (Groundball, 4, EV 85.6 MPH)
Top of the 7th over - 0 runs, 1 hit, 0 errors, 1 left on base; San Diego 8 - Colorado 13
BOTTOM OF THE 7TH
Colorado Rockies batting - Pitching for San Diego Padres : RHP Jamal Grasty
Pitching: LHP Juan Robles
Batting: SHB Brian Hatcher 0-0: Called Strike
0-1: Ball
1-1: Swinging Strike
1-2: Strikes out swinging
Batting: RHB Mike Woodard 0-0: Ground out 5-3 (Groundball, 56, EV 80.0 MPH)
Batting: RHB Kosuke Sakai 0-0: Swinging Strike
0-1: Ball
1-1: Foul Ball, location: 9LSF
1-2: Ball
2-2: Foul Ball, location: 23F
2-2: Ball
3-2: Foul Ball, location: 5F
3-2: Fly out, F3 (Popup, 3F, EV 64.4 MPH)
Bottom of the 7th over - 0 runs, 0 hits, 0 errors, 0 left on base; San Diego 8 - Colorado 13
TOP OF THE 8TH
San Diego Padres batting - Pitching for Colorado Rockies : RHP Angel Cruz
Batting: RHB Maxwell Judson 0-0: Foul Ball, location: 2F
0-1: Swinging Strike
0-2: Ball
1-2: Ball
2-2: Foul Ball, location: 5DF
2-2: SOLO HOME RUN (Flyball, 7D, EV 96.3 MPH), Distance : 369 ft
Batting: RHB Jose Barillas 0-0: Swinging Strike
0-1: Swinging Strike
0-2: Foul Ball, location: 2F
0-2: Strikes out swinging
Batting: LHB Joel Sherlock 0-0: Ball
1-0: Fly out, F7 (Flyball, 7S, EV 94.4 MPH)
Batting: RHB Tony Woody 0-0: Foul Ball, location: 3F
0-1: Ball
1-1: Swinging Strike
1-2: Strikes out looking
Top of the 8th over - 1 run, 1 hit, 0 errors, 0 left on base; San Diego 9 - Colorado 13
BOTTOM OF THE 8TH
Colorado Rockies batting - Pitching for San Diego Padres : LHP Juan Robles
Batting: LHB Jeremy Papish 0-0: DOUBLE (Groundball, 3L, EV 100.6 MPH)
Batting: LHB Jim Davis 0-0: Ball
1-0: Ball
Wild Pitch!
Jeremy Papish to third
2-0: Ball
3-0: Base on Balls
Batting: LHB Glenn Sewell 0-0: Foul Ball, location: 2F
0-1: Foul Ball, location: 2F
0-2: Ball
1-2: Foul Ball, location: 9LMF
1-2: SINGLE (Groundball, 6MD, EV 96.3 MPH)
Jeremy Papish scores
Jim Davis to second
Batting: RHB Orlando Serrano 0-0: Ball
1-0: Ball
2-0: Foul Ball, location: 9LMF
2-1: Ball
3-1: Fly out, F8 (Flyball, 89D, EV 96.9 MPH)
Batting: LHB Mike Keatts 0-0: DOUBLE (Line Drive, 3D, EV 103.8 MPH)
Jim Davis scores
Glenn Sewell to third
Runner from 3rd tries for Home, SAFE, no throw by RF
Pitching: LHP Lorenzo Cabrera
Batting: LHB Jesus Pena 0-0: Ball
1-0: Ball
2-0: Called Strike
2-1: Ball
3-1: Base on Balls
Batting: SHB Brian Hatcher 0-0: Called Strike
0-1: Grounds into double play, 5-4-3 (Groundball, 5, EV 91.3 MPH)
Bottom of the 8th over - 3 runs, 3 hits, 0 errors, 1 left on base; San Diego 9 - Colorado 16
TOP OF THE 9TH
San Diego Padres batting - Pitching for Colorado Rockies : RHP Angel Cruz
Pitching: RHP Ricky Aguilera
Batting: RHB Chris Santos 0-0: Called Strike
0-1: Foul Ball, location: 2F
0-2: Ball
1-2: Strikes out swinging
Batting: LHB Jamie Wortman 0-0: Ball
1-0: Ball
2-0: Ball
3-0: Called Strike
3-1: Foul Ball, location: 7LMF
3-2: Foul Ball, location: 2F
3-2: Strikes out swinging
Batting: LHB R.J. Correll 0-0: Foul Ball, location: 3F
0-1: Ground out 1-3 (Groundball, 13, EV 71.3 MPH)
Top of the 9th over - 0 runs, 0 hits, 0 errors, 0 left on base; San Diego 9 - Colorado 16
Thursday, April 18th , 2024 - OOTP Baseball 24.11 Build 85